 Dungeon Crawl Stone Soup version 0.29.1-13-g9f3cf754e1 (webtiles) character file.

Game seed: 10138386233604044220

9881 cdecastro the Severer (level 11, -3/99 HPs)
             Began as a Hill Orc Fighter on Feb 5, 2023.
             Was an Elder of Beogh.
             Slain by a large abomination (29 damage)
             ... on level 2 of the Abyss.
             The game lasted 00:27:02 (11720 turns).

cdecastro the Severer (Hill Orc Fighter)           Turns: 11720, Time: 00:27:06

Health: -3/99      AC: 15    Str: 24    XL:     11   Next: 53%
Magic:  0/13       EV:  7    Int:  8    God:    Beogh [****..]
Gold:   800        SH:  0    Dex: 16    Spells: 10/10 levels left

rFire   . . .      SeeInvis .   r - +0 war axe (elec)
rCold   . . .      Faith    .   (no shield)
rNeg    . . .      Spirit   +   t - +0 plate armour
rPois   .          Reflect  .   (no helmet)
rElec   .          Harm     .   l - +0 cloak
rCorr   .          Rampage  .   (no gloves)
Will    .....                   (no boots)
Stlth   ..........              J - amulet of guardian spirit
HPRegen 0.00/turn               u - +4 ring of slaying
MPRegen 0.13/turn               m - +6 ring of dexterity

@: about to teleport, sick
A: no striking features
a: Renounce Religion, Smiting, Recall Orcish Followers


You were on level 2 of the Abyss.
You worshipped Beogh.
Beogh was greatly pleased with you.
You visited 2 branches of the dungeon, and saw 12 of its levels.
You visited the Abyss 1 time.
You also visited: Ossuary.

You collected 800 gold pieces.

Inventory:

Hand Weapons
 a - a +2 trident
 d - a +1 dire flail of draining
 g - the +9 quarterstaff of the Twelve Ultimatums {vorpal, rPois Str+2 Int+5 Stlth-}
   (You found it on level 9 of the Dungeon)

   It inflicts extra damage upon your enemies.
   Str:       It affects your strength (+2).
   Int:       It affects your intelligence (+5).
   rPois:     It protects you from poison.
   Stlth:     It makes you less stealthy.
 r - a +0 war axe of electrocution (weapon)
 H - a +3 flail
 K - a +6 flail
 T - the +5 spear of Xuppowir {drain, *Rage rN++ rCorr SInv}
   (You found it on level 9 of the Dungeon)

   A truly terrible weapon, it drains the life of any living foe it strikes.
   rN:        It greatly protects you from negative energy.
   SInv:      It lets you see invisible.
   *Rage:     It berserks you when you make melee attacks (+20% chance).
   rCorr:     It protects you from acid and corrosion.
 V - a +3 flail
 Z - the +7 rapier "Juaxosee" {venom, Fragile Int+4 Dex+7 SInv}
   (You found it on level 10 of the Dungeon)

   It poisons the flesh of those it strikes.
   Int:       It affects your intelligence (+4).
   Dex:       It affects your dexterity (+7).
   SInv:      It lets you see invisible.
   Fragile:   It will be destroyed if unequipped.
Missiles
 f - 8 boomerangs
 C - 16 poisoned darts (quivered)
Armour
 c - a +0 buckler
 l - a +0 cloak (worn)
 t - a +0 plate armour (worn)
 I - a +0 chain mail of cold resistance
 L - the +1 ring mail "Motapt" {Slay+2}
   (You found it on level 7 of the Dungeon)

   Slay:      It affects your accuracy & damage with ranged weapons and melee
   (+2).
 Q - a +0 pair of gloves
 R - a scarf of invisibility
Magical Staves
 B - a staff of fire
 M - a staff of earth
Jewellery
 m - a +6 ring of dexterity (right hand)
 u - a +4 ring of slaying (left hand)
 z - a ring of see invisible
 A - a ring of resist corrosion
 J - an amulet of guardian spirit (around neck)
 P - a ring of fire
Wands
 b - a wand of roots (6)
 D - a wand of light (7)
 E - a wand of flame (29)
 N - a wand of digging (9)
 S - a wand of mindburst (5)
Scrolls
 k - 5 scrolls of teleportation
 o - 2 scrolls of poison
 p - a scroll of silence
 y - 2 scrolls of vulnerability
 U - a scroll of butterflies {unknown}
 W - a scroll of acquirement {unknown}
 X - 2 scrolls of immolation {unknown}
 Y - a scroll of magic mapping {unknown}
Potions
 e - 2 potions of attraction
 h - 2 potions of curing
 i - 2 potions of lignification
 j - 2 potions of flight
 n - 3 potions of heal wounds
 s - 2 potions of magic
 v - 2 potions of might
 w - 2 potions of resistance
 x - 2 potions of ambrosia
 F - a potion of haste
 G - a potion of cancellation
Miscellaneous
 O - a phantom mirror


   Skills:
 - Level 10.0 Fighting
 + Level 17.2 Axes
 - Level 10.0 Armour
 - Level 3.2 Shields
 - Level 3.0 Invocations


You had 10 spell levels left.
You didn't know any spells.
Your spell library contained the following spells:

 Spells                   Type           Power      Damage    Failure   Level
 Sting                    Tmut/Pois      0%         1d3       99%         1
 Poisonous Vapours        Pois/Air       0%         N/A       100%        2
 Olgreb's Toxic Radiance  Pois           0%         N/A       100%        4
 Conjure Ball Lightning   Conj/Air       0%         3x3d6     100%        6
 Discord                  Hex            0%         N/A       100%        8
 Disjunction              Tloc           0%         N/A       100%        8


Dungeon Overview and Level Annotations

Branches:
Dungeon (11/15)            Temple (1/1) D:5            Lair (0/5) D:10
Ossuary (visited)
    Orc: D:9-12

Altars:
Ashenzari
Cheibriados
Dithmenos
Elyvilon
Fedhas
Gozag
Hepliaklqana
Kikubaaqudgha
Makhleb
Nemelex Xobeh
Okawaru
Qazlal
Ru
Sif Muna
Trog
Uskayaw
Vehumet
Wu Jian
Xom
Yredelemnul
Zin
The Shining One

Shops:
D:4 *

Annotations:
D:4 1 runed translucent door, Thatpatchoflichen's ghost, novice DsGl
D:6 2 runed translucent doors, Crazy Yiuf; SirLogeyBear's ghost, novice HOBe
D:9 Amaemon
D:11 Sonja


Message History

The thrashing horror tramples you but does no damage. x2
Unknown command.
The thrashing horror roars!
The thrashing horror tramples you but does no damage. x2
Unknown command.
Why would you want to do that?
Unknown command.
Unknown command.
The thrashing horror roars!
The thrashing horror tramples you but does no damage.
The thrashing horror barely misses you.
Unknown command.
The thrashing horror barely misses you.
The thrashing horror tramples you but does no damage.
The large abomination barely misses you.
Unknown command.
The thrashing horror roars!
The thrashing horror tramples you!
* * * LOW HITPOINT WARNING * * *
You hold your ground!
The thrashing horror barely misses you. The large abomination hits you.
* * * LOW HITPOINT WARNING * * *
Unknown command.
The large abomination attacks as you move away!
The large abomination hits you!!
* * * LOW HITPOINT WARNING * * *
The thrashing horror roars!
The thrashing horror tramples you!
* * * LOW HITPOINT WARNING * * *
You hold your ground!
The thrashing horror tramples you.
* * * LOW HITPOINT WARNING * * *
You stumble backwards!
Okay, then.
You feel much better.
The thrashing horror roars!
The thrashing horror tramples you.
* * * LOW HITPOINT WARNING * * *
You hold your ground!
The thrashing horror barely misses you. The large abomination hits you!!
You die...

... ........
.... #......#
....##......##.
...............
...............
.........x.....
...............
......X@X......
........X......
....##......##.
... #......# .
#######≈# #


You could see a thrashing horror, 2 large abominations and a small abomination.

Vanquished Creatures
  2 two-headed ogres
  Joseph (D:9)
  Maggie (D:7)
  An ancient zyme (Abyss:2)
  2 trolls (D:10)
  2 slime creatures (D:10)
  Prince Ribbit (D:5)
  2 vampires (D:9)
  9 yaks
  2 wyverns (D:10)
  A basilisk (D:10)
  A steam dragon (D:6)
  A small abomination (Abyss:2)
  Edmund (D:4)
  3 water moccasins
  4 black bears
  2 ice beasts
  An orc warrior (D:6)
  A sky beast (D:7)
  An ogre (D:6)
  2 phantoms
  2 kobold brigands (D:8)
  An elf zombie (Ossuary)
  3 bullfrogs
  3 scorpions
  8 wights
  26 killer bees
  A jelly (D:7)
  3 orc priests (D:8)
  4 hounds
  2 iguanas
  2 orc wizards (D:8)
  2 mummies (Ossuary)
  5 adders
  A gnoll (D:1)
  3 shadow imps
  2 white imps
  An ufetubus (D:6)
  A worm (D:2)
  3 dart slugs
  28 orcs
  10 ball pythons
  6 endoplasms
  8 giant cockroaches
  2 gnoll zombies (Ossuary)
  7 goblins
  6 hobgoblins
  4 jackals (D:3)
  2 quokkas
  10 bats
  6 frilled lizards
  5 goblin zombies (Ossuary)
  5 hobgoblin zombies (Ossuary)
  16 kobolds
  An orc zombie (Ossuary)
  6 rats
236 creatures vanquished.

Vanquished Creatures (collateral kills)
  A komodo dragon (D:10)
  A slime creature (D:10)
  3 yaks (D:10)
  3 water moccasins (D:10)
8 creatures vanquished.

Vanquished Creatures (others)
  An adder (D:6)
  A fungus (D:3)
  11 plants
13 creatures vanquished.

Grand Total: 257 creatures vanquished

Notes
Turn   | Place    | Note
-------+----------+-------------------------------------------
     0 | D:1      | cdecastro the Hill Orc Fighter began the quest for the Orb.
     0 | D:1      | Reached XP level 1. HP: 19/19 MP: 1/1
    49 | D:1      | Reached skill level 3 in Axes
   259 | D:1      | Reached XP level 2. HP: 20/26 MP: 2/2
   361 | D:1      | Reached skill level 4 in Axes
   667 | D:1      | Reached XP level 3. HP: 26/31 MP: 3/3
   868 | D:1      | Reached skill level 5 in Axes
  1052 | D:2      | Identified the +0 leather armour of Hangman {rElec}
  1232 | D:2      | Reached XP level 4. HP: 36/39 MP: 4/4
  1454 | D:2      | Reached skill level 6 in Axes
  2199 | D:3      | Identified the +2 robe of the Equinox {+Blink rC- Dex+9
                  | Slay-5}
  2329 | D:3      | Found a faded altar of an unknown god.
  2381 | D:3      | Reached skill level 7 in Axes
  2381 | D:3      | Reached XP level 5. HP: 35/45 MP: 5/5
  2809 | D:4      | Found Jaxkog's Fire Supplies.
  2852 | D:4      | Found a runed translucent door.
  2858 | D:4      | Noticed Thatpatchoflichen's ghost (novice DsGl)
  2896 | D:4      | Noticed Edmund
  2909 | D:4      | Killed Edmund
  2910 | D:4      | Reached skill level 8 in Axes
  2910 | D:4      | Reached XP level 6. HP: 30/51 MP: 6/6
  3250 | D:4      | Reached skill level 9 in Axes
  3300 | D:4      | Noticed a water moccasin
  3312 | D:4      | Killed a water moccasin
  3313 | D:4      | Reached XP level 7. HP: 12/57 MP: 7/7
  3647 | D:4      | You fall into a shaft and drop 1 floor!
  3647 | D:5      | Entered Level 5 of the Dungeon
  3674 | D:5      | Reached skill level 10 in Axes
  3950 | D:5      | Found an opulent altar of Gozag.
  3988 | D:5      | Reached skill level 11 in Axes
  4080 | D:5      | Noticed Prince Ribbit
  4084 | D:5      | Killed Prince Ribbit
  4085 | D:5      | Reached skill level 12 in Axes
  4085 | D:5      | Reached XP level 8. HP: 64/64 MP: 8/8
  4338 | D:6      | Became a worshipper of Beogh the Brigand
  4371 | D:6      | Reached skill level 13 in Axes
  4497 | D:6      | Found a sand-covered staircase.
  4503 | Ossuary  | Entered an ossuary
  4769 | D:6      | Found an ornate altar of the Wu Jian Council.
  4835 | D:6      | Found a blossoming altar of Fedhas.
  4857 | D:6      | Reached skill level 14 in Axes
  4895 | D:6      | Found a runed translucent door.
  4896 | D:6      | Noticed SirLogeyBear's ghost (novice HOBe)
  4985 | D:6      | Reached * piety under Beogh
  5075 | D:6      | Found a glowing silver altar of Zin.
  5075 | D:6      | Found a snail-covered altar of Cheibriados.
  5145 | D:6      | Found a runed translucent door.
  5146 | D:6      | Noticed Crazy Yiuf
  5566 | D:5      | Found a staircase to the Ecumenical Temple.
  5571 | Temple   | Entered the Ecumenical Temple
  6467 | D:7      | Reached XP level 9. HP: 70/70 MP: 9/9
  6469 | D:7      | Noticed Maggie
  6582 | D:6      | Reached skill level 15 in Axes
  6750 | D:7      | Killed Maggie
  7245 | D:7      | Reached skill level 16 in Axes
  7539 | D:7      | Identified the +1 ring mail "Motapt" {Slay+2}
  7665 | D:7      | Found a bloodstained altar of Trog.
  7710 | D:7      | Reached skill level 5 in Fighting
  7991 | D:7      | Found a hide-covered altar of Uskayaw.
  8297 | D:8      | Reached ** piety under Beogh
  8392 | D:8      | Reached XP level 10. HP: 79/88 MP: 8/10
  9205 | D:8      | Reached *** piety under Beogh
  9434 | D:8      | Found a stormy altar of Qazlal.
  9546 | D:9      | Noticed a two-headed ogre
  9626 | D:9      | Killed a two-headed ogre
  9627 | D:9      | Reached skill level 10 in Fighting
  9730 | D:9      | Identified the +9 quarterstaff of the Twelve Ultimatums
                  | {vorpal, rPois Str+2 Int+5 Stlth-}
  9760 | D:9      | Noticed an orange demon
  9763 | D:9      | Noticed Amaemon
  9871 | D:9      | Identified the +5 spear of Xuppowir {drain, *Rage rN++
                  | rCorr SInv}
  9949 | D:9      | Reached skill level 5 in Armour
 10178 | D:9      | Noticed Joseph
 10190 | D:9      | Killed Joseph
 10286 | D:10     | Entered Level 10 of the Dungeon
 10666 | D:10     | Reached XP level 11. HP: 88/99 MP: 11/13
 10810 | D:10     | Gained Bolgrim as an ally
 10854 | D:10     | Reached skill level 10 in Armour
 10968 | D:10     | Found a staircase to the Lair.
 11237 | D:10     | Identified the +7 rapier "Juaxosee" {venom, Fragile Int+4
                  | Dex+7 SInv}
 11314 | D:10     | Noticed a two-headed ogre
 11318 | D:10     | Killed a two-headed ogre
 11318 | D:10     | Reached **** piety under Beogh
 11322 | D:10     | Reached skill level 17 in Axes
 11595 | D:11     | Noticed Sonja
 11606 | D:11     | Noticed a two-headed ogre
 11617 | Abyss:2  | Cast into level 2 of the Abyss (Sonja)
 11706 | Abyss:2  | Noticed a thrashing horror
 11712 | Abyss:2  | Noticed a large abomination
 11719 | Abyss:2  | HP: 4/99 [thrashing horror (8)]
 11720 | Abyss:2  | Slain by a large abomination

Illustrated notes

Levels and vault maps discovered:
D:1:      zaba_arrival_water, layout_basic, minmay_ruptured
D:2:      layout_rooms, serial_rivers, chequers_serial_rivers_small_a,
          chequers_serial_rivers_room_a, chequers_serial_rivers_large_a,
          chequers_serial_rivers_micro_a, chequers_serial_rivers_micro_b,
          chequers_serial_rivers_micro_c, minmay_misc_feat_doors
D:3:      layout_rooms, ebering_ecumenical_altar_hall, minmay_shallow_snake_nest
D:4:      layout_loops_corners, ebering_ghost_sewer_d, nicolae_shop_fire_sale
          [nicolae_sub_dead_trees], uniq_edmund
D:5:      layout_cave_pools, grunt_gozag_breadcrumbs,
          minmay_temple_entry_from_below_a, minmay_misc_feat_more_columns,
          corner_web_ring, uniq_prince_ribbit1
D:6:      layout_basic, fedhas_ov_isle_minmay,
          nicolae_wu_jian_immortal_techniques, amethyst_overflow_temple_binary,
          enter_ossuary_2, ebering_ghost_reflecting_pool,
          uniq_crazy_yiuf_cottage
D:7:      layout_rooms, mainiacjoe_overflow_surrounded_room, trog_book,
          minivault_11, uniq_maggie
D:8:      layout_basic, general_overflow_altar, eino_jars
D:9:      layout_roguey, uniq_joseph, uniq_amaemon
D:10:     layout_roguey, minmay_lair_entry_grove
D:11:     layout_small_grid, uniq_sonja
Temple:   nicolae_temple_superstar
Abyss:2:  base: D:1, hangedman_abyss_lost_library

Skill      XL: |  1  2  3  4  5  6  7  8  9 10 11 |
---------------+----------------------------------+-----
Axes           | 3 4 5 7 8 9 12 14 16 17 | 17.2
Fighting       | 7 10 | 10.0
Invocations    | 3 |  3.0
Armour         | 8 10 | 10.0
Shields        | |  3.2

Action                   |  1- 3 |  4- 6 |  7- 9 | 10-12 || total
-------------------------+-------+-------+-------+-------++-------
Melee: War axe           |    88 |   156 |   229 |   176 ||   649
       Punch             |     1 |       |     6 |     1 ||     8
Invok: Convert to Beogh  |       |       |     1 |       ||     1
  Use: Potion            |       |     1 |     1 |     2 ||     4
       Scroll            |       |       |     6 |    10 ||    16
 Stab: Distracted        |       |       |       |     1 ||     1
Armor: Scale mail        |    54 |    61 |       |       ||   115
       Chain mail        |       |    31 |    84 |       ||   115
       Plate armour      |       |       |    57 |   110 ||   167
Dodge: Dodged            |    51 |    72 |    72 |    51 ||   246
